 Dungeon Crawl Stone Soup version 0.20-a0-210-gd6c29eb (webtiles) character file.

207 KristoblXynda the Magician (level 5, -4/28 HPs)
             Began as a Deep Elf Conjurer on Nov 26, 2016.
             Slain by Grinder (6 damage)
             ... on level 3 of the Dungeon.
             The game lasted 00:07:29 (2581 turns).

KristoblXynda the Magician (Deep Elf Conjurer)      Turns: 2581, Time: 00:07:30

Health: -4/28      AC:  6    Str:  5    XL:     5   Next: 54%
Magic:  2/15       EV: 13    Int: 21    God:
Gold:   148        SH:  0    Dex: 15    Spells: 12/16 levels left

rFire  . . .     SeeInvis .     p - +2 quarterstaff (chaos)
rCold  . . .     Gourm    .     a - +0 robe
rNeg   . . .     Faith    .     (shield currently unavailable)
rPois  .         Spirit   .     (no helmet)
rElec  .         Reflect  .     q - +2 cloak {MR+}
rCorr  .         Harm     .     (no gloves)
MR     +....                    j - +0 pair of boots
Stlth  ++........               (no amulet)
                                (no ring)
                                (no ring)

@: flying
A: no striking features
a: no special abilities


You were on level 3 of the Dungeon.
You were not hungry.

You visited 1 branch of the dungeon, and saw 3 of its levels.

You collected 148 gold pieces.

Inventory:

Hand Weapons
 l - a +2 short sword of venom
 p - a +2 quarterstaff of chaos (weapon)
 t - a +0 club
Armour
 a - a +0 robe (worn)
 j - a +0 pair of boots (worn)
 q - a +2 cloak of magic resistance (worn)
Jewellery
 d - an uncursed amulet of guardian spirit {unknown}
 x - an uncursed ring of protection from cold {unknown}
Wands
 s - a wand of acid (0/15)
Scrolls
 e - a scroll of fear {unknown}
 h - a scroll of enchant weapon {unknown}
 i - 2 scrolls of remove curse {unknown}
 o - a scroll of recharging {unknown}
 r - a scroll of blinking {unknown}
 v - 2 scrolls of identify {unknown}
Potions
 g - a potion of magic {unknown}
 k - 2 potions of flight
 m - a potion of curing {unknown}
 n - a potion of agility {unknown}
 z - a potion of haste {unknown}
 A - a potion of berserk rage {unknown}
Books
 b - a book of Conjurations

   Spells                             Type                      Level
   a - Magic Dart                     Conjuration                  1
   b - Searing Ray                    Conjuration                  2
   c - Dazzling Spray                 Conjuration/Hexes            3
   d - Fulminant Prism                Conjuration/Hexes            4
   e - Iskenderun's Mystic Blast      Conjuration                  4
   f - Iskenderun's Battlesphere      Conjuration/Charms           5
Comestibles
 c - 3 bread rations
 f - 2 meat rations
 u - a beef jerky
 w - 2 fruits


   Skills:
 - Level 2.4 Dodging
 - Level 2.4 Stealth
 + Level 6.1 Spellcasting
 + Level 5.9 Conjurations
 + Level 0.4 Evocations


You had 12 spell levels left.
You knew the following spells:

 Your Spells              Type           Power        Failure   Level  Hunger
a - Magic Dart            Conj           ####         1%          1    None
b - Dazzling Spray        Conj/Hex       ###...       10%         3    ##.....


Dungeon Overview and Level Annotations

Branches:
Dungeon (3/15)

Altars:

Annotations:
D:3 Grinder


Message History

The bolt of acid misses Grinder.
Evoking this partially-identified wand wasted a few charges.
Grinder misses you.
Unknown command.
Grinder is nearby!
That item cannot be evoked!
Evoke which item? (* to show all) (? for menu, Esc to quit)
Zapping:
s - a wand of acid (?/15) {zapped: 4} (will waste charges)
Press: ? - help, Shift-Dir - straight line, f/p - Grinder
Aim: Grinder (severely wounded)
The bolt of acid misses Grinder.
Evoking this partially-identified wand wasted a few charges.
Grinder barely misses you.
Okay, then.
It was a potion of flight.
You feel very buoyant.
You fly up into the air.
Grinder hits you.
* * * LOW HITPOINT WARNING * * *
You writhe in agony.
You die...

♣♣.♣ #.#
#.......##.##.##.##
♣.♣♣ #.#
#.......##.##.##..##
♣♣.♣ #.#
####...............#
♣.♣♣ #.#
##....#.##...(#.#
#'## #.#
###>....##.#..#.#
...# #.#
#......)...)..#.#
...# #.#
##.#........##.#..
)..# #.#
#..#####....##.#..
#### #.# #@##
#.......... #.# #5#
#####...... #.#
#....##########......
#.#
####.................
#.#
#######...........
#.# #....##########
######.#########.####
#................#
#..........#######


You could see Grinder.

Vanquished Creatures
  Crazy Yiuf (D:3)
  Ijyb (D:3)
  7 adders
  An ooze (D:3)
  4 worms
  2 dart slugs
  3 leopard geckos
  2 orcs (D:3)
  3 giant cockroaches
  9 goblins
  8 hobgoblins
  4 jackals (D:3)
  7 kobolds
  2 ball pythons
  7 bats
  A frilled lizard (D:3)
  9 rats
71 creatures vanquished.

Notes
Turn   | Place    | Note
-------+----------+-------------------------------------------
     0 | D:1      | KristoblXynda the Deep Elf Conjurer began the quest for the Orb.
     0 | D:1      | Reached XP level 1. HP: 10/10 MP: 6/6
   224 | D:1      | Reached XP level 2. HP: 15/15 MP: 4/8
   348 | D:1      | Reached skill level 4 in Spellcasting
   693 | D:2      | Reached XP level 3. HP: 19/19 MP: 6/10
   698 | D:2      | Learned a level 3 spell: Dazzling Spray
   789 | D:2      | Reached skill level 5 in Conjurations
   848 | D:2      | Reached XP level 4. HP: 24/24 MP: 1/12
   917 | D:2      | Reached skill level 5 in Spellcasting
  1596 | D:3      | Found a runed door.
  1600 | D:3      | Noticed Crazy Yiuf
  1610 | D:3      | Killed Crazy Yiuf
  1610 | D:3      | Reached XP level 5. HP: 28/28 MP: 0/15
  1996 | D:3      | Noticed Ijyb
  2001 | D:3      | Killed Ijyb
  2001 | D:3      | Reached skill level 6 in Spellcasting
  2459 | D:3      | Found a faded altar of an unknown god.
  2567 | D:3      | Noticed Grinder
  2581 | D:3      | Slain by Grinder

Vault maps used:
D:1:      eino_arrival_cavern_e, serial_forest, infiniplex_forest_lined_room_2,
          infiniplex_forest_clump_diagonal, infiniplex_forest_lined_2,
          infiniplex_forest_clump_tiny, infiniplex_forest_lined_3_way,
          infiniplex_forest_end_1, infiniplex_forest_pool,
          infiniplex_forest_straight_4, infiniplex_forest_corner_1,
          infiniplex_forest_clump_tiny, minmay_tromino_v2
D:3:      chequers_ecumenical_altar_grove, hangedman_abyss_or_decor_lesser_grid,
          uniq_grinder, uniq_iyjb, uniq_crazy_yiuf_cottage

Skill      XL: |  1  2  3  4  5 |
---------------+----------------+-----
Spellcasting   | 4 5 6 |  6.1
Conjurations   | 5 |  5.9
Dodging        | |  2.4
Stealth        | |  2.4
Evocations     | |  0.4

Action                   |  1- 3 |  4- 6 || total
-------------------------+-------+-------++-------
Melee: Spear             |     1 |       ||     1
       Short sword       |       |    11 ||    11
       Quarterstaff      |       |     5 ||     5
 Cast: Magic Dart        |    54 |    95 ||   149
       Dazzling Spray    |       |     8 ||     8
Evoke: Wand              |       |     2 ||     2
  Use: Potion            |       |     1 ||     1
 Stab: Invisible         |       |     2 ||     2
       Sleeping          |       |     1 ||     1
  Eat: Beef jerky        |       |     2 ||     2
       Royal jelly       |       |     1 ||     1
Armor: Robe              |     1 |     4 ||     5
Dodge: Dodged            |     5 |    21 ||    26
